 Dungeon Crawl Stone Soup version 0.24-a0-249-g2af7e83 (webtiles) character file.

Game seed: 9509653871895235801

228 shukka the Magician (level 5, 0/38 HPs)
             Began as a Mummy Wizard on Apr 13, 2019.
             Slain by a quokka (2 damage)
             ... on level 4 of the Dungeon.
             The game lasted 00:18:23 (3582 turns).

shukka the Magician (Mummy Wizard)                  Turns: 3582, Time: 00:18:24

Health: 0/38       AC:  2    Str: 11    XL:     5   Next: 71%
Magic:  5/12       EV: 12    Int: 18    God:
Gold:   160        SH:  0    Dex: 10    Spells: 3/14 levels left

rFire    x . .     SeeInvis .   h - +0 trident
rCold    + . .     Gourm    .   (no shield)
rNeg     + + +     Faith    .   a - +0 robe
rPois    ∞         Spirit   .   b - +0 hat
rElec    .         Reflect  .   (no cloak)
rCorr    .         Harm     .   (no gloves)
MR       .....                  (no boots)
Stlth    ++........             (no amulet)
HPRegen  0.12/turn              (no ring)
MPRegen  0.13/turn              (no ring)

@: very slightly contaminated
A: no food or potions, fire vulnerability, cold resistance 1, negative energy
resistance 3, torment resistance, unbreathing
a: no special abilities


You were on level 4 of the Dungeon.
You were not hungry.

You visited 1 branch of the dungeon, and saw 5 of its levels.

You collected 160 gold pieces.

Inventory:

Hand Weapons
 c - a +1 whip of electrocution
 h - a +0 trident (weapon)
Armour
 a - a +0 robe (worn)
 b - a +0 hat (worn)
 e - a +0 ring mail
Scrolls
 d - 4 scrolls of identify {unknown}
 f - a scroll of blinking {unknown}
 g - 2 scrolls of teleportation {unknown}
 i - a scroll of fog {unknown}
 j - 3 scrolls of remove curse {unknown}
 k - a scroll of noise {unknown}


   Skills:
 - Level 2.0 Fighting
 - Level 1.5 Dodging
 - Level 1.5 Stealth
 + Level 5.3 Spellcasting
 - Level 2.1 Conjurations
 - Level 0.7 Summonings
 - Level 0.7 Translocations
 + Level 1.3 Fire Magic
 + Level 1.2 Air Magic
 + Level 1.3 Poison Magic


You had 3 spell levels left.
You knew the following spells:

 Your Spells              Type           Power        Failure   Level  Hunger
a - Magic Dart            Conj           ##..         5%          1    N/A
b - Call Imp              Summ           #.......     14%         2    N/A
c - Blink                 Tloc           N/A          14%         2    N/A
d - Mephitic Cloud        Conj/Pois/Air  ##......     21%         3    N/A
e - Conjure Flame         Conj/Fire      ##......     19%         3    N/A

Your spell library contained the following spells:

 Spells                   Type           Power        Failure   Level  Hunger
 Slow                     Hex            #.......     19%         2    N/A

Dungeon Overview and Level Annotations

Branches:
Dungeon (5/15)
 Temple: D:4-7

Altars:
Xom
Zin

Annotations:
D:4 Edmund
D:5 Dowan, Duvessa


Innate Abilities, Weirdness & Mutations

You do not eat or drink.
Your flesh is vulnerable to fire.
You are immune to poison.
Your flesh is cold resistant. (rC+)
You are immune to negative energy. (rN+++)
You are immune to unholy pain and torment.
You can survive without breathing.


Message History

You miscast Blink.
Nothing appears to happen.
The hound bites you.
* * * LOW HITPOINT WARNING * * *
Casting: Blink (safe; 14% risk of failure)
Confirm with . or Enter, or press ? or * to list all spells.
You blink.
An orc comes into view. It is wielding a +0 morningstar.
Found a smoky grey potion.
Found a stone staircase leading down.
The orc shouts!
You hear a shout!
An orc comes into view. It is wielding a +0 hand axe.
The orc shouts!
You hear a shout!
The orc moves out of view.
An orc warrior comes into view.
It is wielding a +4 short sword and wearing a +2 plate armour of positive energy.
The hound barely misses you. The hound bites you.
* * * LOW HITPOINT WARNING * * *
The hound misses you.
A centaur comes into view. It is wielding a +0 falchion.
The quokka twitches its whiskers.
The quokka bites you.
You die...

.. .# .# ............## .#
.............###.#
..........#.##...#
.............##..#
.............#.@.# ##
..........$....r###.####
#..............hS.#....#
.......>......##...oo..#
...............#S.##......
...r.......[.......# .....
#.....####.#..#.....oo....
..#... #.##.###...c.....
8.h.#. #..rSS#!..#.#....


You could see a centaur (wandering), a hound, 2 adders and a quokka.

Vanquished Creatures
  A centaur zombie (D:5)
  An orc priest (D:3)
  An orc wizard (D:3)
  A worker ant (D:5)
  An ooze (D:1)
  A dart slug (D:1)
  2 leopard geckos
  3 orcs
  3 bats (D:1)
  A giant cockroach (D:3)
  3 goblins (D:1)
  2 hobgoblins (D:1)
  7 jackals
  A quokka (D:2)
  4 frilled lizards
  A kobold (D:1)
  5 rats
38 creatures vanquished.

Vanquished Creatures (collateral kills)
  A crimson imp (D:5)
  An orc priest (D:3)
  3 adders
  A worm (D:2)
  3 leopard geckos
  8 orcs
  5 bats (D:2)
  4 giant cockroaches
  2 goblins (D:1)
  A hobgoblin (D:2)
  8 jackals
  5 kobolds
  A quokka (D:2)
  A frilled lizard (D:3)
  7 rats
51 creatures vanquished.

Grand Total: 89 creatures vanquished

Notes
Turn   | Place    | Note
-------+----------+-------------------------------------------
     0 | D:1      | shukka the Mummy Wizard began the quest for the Orb.
     0 | D:1      | Reached XP level 1. HP: 13/13 MP: 5/5
    79 | D:1      | Reached skill level 1 in Conjurations
   227 | D:1      | Reached XP level 2. HP: 20/20 MP: 5/7
   231 | D:1      | Learned a level 2 spell: Call Imp
   234 | D:1      | Learned a level 2 spell: Blink
   279 | D:1      | Reached skill level 1 in Fighting
   787 | D:1      | Reached XP level 3. HP: 24/26 MP: 3/9
  1987 | D:2      | Found a glowing silver altar of Zin.
  2189 | D:2      | Reached XP level 4. HP: 33/33 MP: 8/10
  2196 | D:2      | Learned a level 3 spell: Mephitic Cloud
  2200 | D:2      | Learned a level 3 spell: Conjure Flame
  2640 | D:3      | Reached skill level 5 in Spellcasting
  2653 | D:3      | Reached XP level 5. HP: 19/38 MP: 1/12
  3103 | D:3      | You fall through a shaft for 2 floors!
  3103 | D:5      | Entered Level 5 of the Dungeon
  3149 | D:5      | Reached skill level 1 in Fire Magic
  3149 | D:5      | Reached skill level 1 in Air Magic
  3149 | D:5      | Reached skill level 1 in Poison Magic
  3158 | D:5      | Found a shimmering altar of Xom.
  3339 | D:5      | Noticed Duvessa
  3339 | D:5      | Noticed Dowan
  3473 | D:5      | Noticed an orc warrior
  3570 | D:4      | Noticed Edmund
  3579 | D:4      | Noticed an orc warrior
  3582 | D:4      | Noticed a centaur
  3582 | D:4      | Slain by a quokka

Levels and vault maps discovered:
D:1:      evilmike_arrival_crescent, layout_basic
D:2:      layout_rooms, zin_statuary
D:3:      layout_loops_cross, chequers_serial_rivers_micro_d
D:4:      layout_cave_pools, lemuel_doored_altar,
          minmay_temple_entry_sparse_star, kennysheep_slug_shrine, uniq_edmund
D:5:      layout_loops_ring, basic_altar, first_ration, uniq_duvessa

Skill      XL: |  1  2  3  4  5 |
---------------+----------------+-----
Conjurations   | 1 2 |  2.1
Fighting       | 1 2 |  2.0
Spellcasting   | 5 |  5.3
Fire Magic     | 1 |  1.3
Air Magic      | 1 |  1.2
Poison Magic   | 1 |  1.3
Dodging        | |  1.5
Stealth        | |  1.5
Summonings     | |  0.7
Translocations | |  0.7

Action                   |  1- 3 |  4- 6 || total
-------------------------+-------+-------++-------
Melee: Club              |    75 |       ||    75
       Trident           |     4 |    79 ||    83
 Cast: Magic Dart        |    27 |     3 ||    30
       Call Imp          |    43 |    44 ||    87
       Blink             |     1 |     4 ||     5
       Conjure Flame     |       |     1 ||     1
 Stab: Sleeping          |       |     1 ||     1
Armor: Robe              |    29 |    12 ||    41
Dodge: Dodged            |    86 |    49 ||   135

Table legend:
 A = Non-vault XP
 B = Vault XP
 C = Vault XP percentage of total XP
 D = Non-vault monster count
 E = Vault monster count
 F = Vault count percentage of total count
                 A         B        C        D         E       F
            +---------+---------+-------+---------+---------+-------
      Total |     327 |       0 |   0.0 |      89 |       0 |   0.0
            +---------+---------+-------+---------+---------+-------
        D:1 |      46 |       0 |   0.0 |      28 |       0 |   0.0
        D:2 |      54 |       0 |   0.0 |      29 |       0 |   0.0
        D:3 |     125 |       0 |   0.0 |      24 |       0 |   0.0
        D:5 |     102 |       0 |   0.0 |       8 |       0 |   0.0
            +---------+---------+-------+---------+---------+-------
